Map: Frozen Temple

Players

Rail - Winner!

  • Race: Protoss Protoss

FeaR

  • Race: Protoss Protoss
  • League: Master

Event: DreamHack ZOWIE Open Valencia 2016

VOD

Have the link to the VOD?

Description

Time

  • Played on: July 14, 2016, 9:56 a.m.
  • Length: 6:56

All games in this series

Show
View Real Time Build Order
Export as new Build Order

Rail Protoss - Winner!

Build Orders:  

Get SALT Encoding   

  12  0:01  Probe (Chrono Boost)  
  13  0:11  Probe (Chrono Boost)  
  14  0:17  Pylon  
  14  0:22  Probe (Chrono Boost)  
  15  0:35  Probe (Chrono Boost)  
  16  0:36  Gateway  
  16  0:43  Assimilator  
  16  0:46  Probe (Chrono Boost)  
  17  0:56  Probe (Chrono Boost)  
  18  0:57  Assimilator  
  18  1:04  Gateway  
  18  1:07  Probe (Chrono Boost)  
  19  1:17  Probe (Chrono Boost)  
  20  1:24  Cybernetics Core  
  20  1:28  Probe (Chrono Boost)  
  20  1:30  Pylon  
  21  1:38  Probe (Chrono Boost)  
  22  1:49  Probe (Chrono Boost)  
  23  1:57  Adept  
  27  2:01  Stalker  
  27  2:03  Mothership Core (Chrono Boost)  
  27  2:04  Warp Gate  
  27  2:06  Pylon  
  29  2:22  Probe (Chrono Boost)  
  30  2:24  Stalker  
  32  2:31  Stalker  
  32  2:32  Probe (Chrono Boost)  
  32  2:36  Pylon  
  35  2:43  Probe (Chrono Boost)  
  36  2:55  Robotics Facility  
  36  3:05  Stalker  
  38  3:22  Nexus  
  39  3:41  Probe (Chrono Boost)  
  39  3:48  Immortal  
  39  3:53  Probe (Chrono Boost)  
  44  4:08  Stalker x2  
  46  4:15  Pylon  
  47  4:17  Probe (Chrono Boost)  
  47  4:31  Immortal  
  52  4:39  Probe x2 (Chrono Boost)  
  52  4:41  Stalker  
  52  4:42  Sentry  
  57  4:49  Probe x2 (Chrono Boost)  
  57  4:51  Pylon  
  59  5:01  Probe (Chrono Boost)  
  59  5:02  Probe (Chrono Boost)  
  59  5:05  Sentry, Warp Prism  
  63  5:07  Sentry  
  63  5:12  Probe (Chrono Boost)  
  69  5:14  Probe (Chrono Boost)  
  69  5:17  Assimilator  
  69  5:19  Assimilator  
  69  5:22  Pylon, Probe (Chrono Boost)  
  69  5:27  Probe (Chrono Boost)  
  71  5:31  Stalker  
  71  5:33  Adept  
  71  5:34  Probe (Chrono Boost)  
  76  5:38  Observer  
  76  5:40  Pylon  
  77  5:45  Probe x2 (Chrono Boost)  
  77  5:49  Twilight Council  
  79  5:56  Probe (Chrono Boost)  
  80  5:57  Adept x2  
  80  6:01  Pylon  
  84  6:07  Probe (Chrono Boost)  
  83  6:22  Sentry x2  
  83  6:24  Probe (Chrono Boost)  
  87  6:25  Probe (Chrono Boost)  
  87  6:29  Gateway  
  87  6:32  Gateway  
  89  6:45  Adept x2  
Show
View Real Time Build Order
Export as new Build Order

FeaR Protoss 

Build Orders:  

Get SALT Encoding   

  12  0:00  Probe (Chrono Boost)  
  13  0:11  Probe (Chrono Boost)  
  14  0:17  Pylon  
  14  0:22  Probe (Chrono Boost)  
  16  0:35  Probe (Chrono Boost)  
  16  0:36  Gateway  
  16  0:46  Probe (Chrono Boost)  
  16  0:47  Assimilator  
  17  0:52  Assimilator  
  17  0:56  Probe (Chrono Boost)  
  18  1:07  Probe (Chrono Boost)  
  18  1:08  Gateway  
  19  1:18  Probe (Chrono Boost)  
  20  1:23  Cybernetics Core  
  20  1:28  Probe (Chrono Boost)  
  20  1:32  Pylon  
  21  1:39  Probe (Chrono Boost)  
  22  1:45  Warp Gate  
  22  1:50  Probe (Chrono Boost)  
  23  2:00  Stalker x2  
  29  2:11  Mothership Core (Chrono Boost)  
  29  2:14  Pylon  
  29  2:31  Stalker  
  29  2:32  Stalker  
  33  2:40  Pylon  
  33  3:01  Stalker  
  33  3:02  Stalker  
  37  3:18  Robotics Facility  
  37  3:34  Nexus  
  37  3:48  Stalker  
  39  3:50  Stalker  
  39  3:54  Probe (Chrono Boost)  
  41  4:04  Probe (Chrono Boost)  
  42  4:15  Observer, Probe (Chrono Boost)  
  42  4:20  Sentry x2  
  46  4:25  Probe (Chrono Boost)  
  47  4:36  Probe (Chrono Boost)  
  46  4:41  Twilight Council  
  46  4:43  Pylon  
  46  4:46  Probe (Chrono Boost)  
  46  4:50  Probe (Chrono Boost)  
  46  4:51  Immortal  
  48  4:57  Probe (Chrono Boost)  
  53  5:01  Probe (Chrono Boost)  
  54  5:09  Probe (Chrono Boost)  
  54  5:12  Probe (Chrono Boost)  
  57  5:22  Probe (Chrono Boost)  
  57  5:24  Probe (Chrono Boost)  
  58  5:30  Immortal  
  58  5:34  Probe (Chrono Boost)  
  64  5:36  Probe (Chrono Boost)  
  64  5:43  Pylon  
  64  5:46  Probe (Chrono Boost)  
  64  5:47  Assimilator  
  64  5:48  Probe (Chrono Boost)  
  66  5:52  Pylon  
  66  5:56  Stalker  
  69  5:58  Probe (Chrono Boost)  
  69  6:00  Probe (Chrono Boost)  
  70  6:10  Probe (Chrono Boost)  
  70  6:11  Stalker  
  68  6:13  Probe (Chrono Boost)  
  68  6:14  Immortal  
  62  6:22  Probe (Chrono Boost)  
  62  6:24  Gateway  
  62  6:25  Sentry, Probe (Chrono Boost)  
  68  6:29  Assimilator  
  71  6:34  Probe (Chrono Boost)  
  71  6:37  Probe (Chrono Boost)  
  68  6:40  Pylon  
  68  6:41  Stalker  

Tags
 
Add a new tag
Caveats
  • Supply blocks, unpowered buildings, or Contaminate may cause inaccurate times.
  • Supply counts are checked every 10 seconds.